 Dungeon Crawl Stone Soup version 0.31-a0-216-g22e908daa7 (webtiles) character file.

Game seed: 9338759334575527711

329 Gargoyl the Chopper (level 6, -5/39 HPs)
             Began as a Gargoyle Berserker on July 2, 2023.
             Was a Believer of Trog.
             Slain by an unseen horror (6 damage)
             ... on level 7 of the Dungeon.
             The game lasted 00:03:47 (3051 turns).

Gargoyl the Chopper (Gargoyle Berserker)            Turns: 3051, Time: 00:03:48

Health: -5/39      AC:  7    Str: 19 (20) XL:     6   Next: 51%
Magic:  6/6        EV: 12    Int:  6 (8)  God:    Trog [**....]
Gold:   105        SH:  0    Dex: 11      Spells: 5/5 levels left

rFire   + . .        i - +1 war axe
rCold   . . .        (no shield)
rNeg    + + .        b - +0 animal skin
rPois   ∞            (no helmet)
rElec   +            o - +0 cloak
rCorr   .            (no gloves)
SInv    .            (no boots)
Will    .....        (no amulet)
Stlth   ++           g - ring of protection from fire
HPRegen 0.26/turn    m - ring of positive energy
MPRegen 0.10/turn

%: no passive effects
@: on berserk cooldown, slowed, very slow
A: sickness immunity, AC +4, negative energy resistance 1, electricity
resistance, torment resistance 1, petrification resistance, deterioration 1
a: Renounce Religion, Berserk, Trog's Hand


You were on level 7 of the Dungeon.
You worshipped Trog.
Trog was pleased with you.
You visited 1 branch of the dungeon, and saw 5 of its levels.

You collected 105 gold pieces.

Inventory:

Hand Weapons
 a - a +0 hand axe
 i - a +1 war axe (weapon)
Missiles
 d - a throwing net
Armour
 b - a +0 animal skin (worn)
 o - a +0 cloak (worn)
Jewellery
 e - a ring of resist corrosion
 g - a ring of protection from fire (left hand)
 m - a ring of positive energy (right hand)
Wands
 l - a wand of flame (13)
Scrolls
 c - 2 scrolls of fog
 p - a scroll of teleportation
Potions
 f - a potion of cancellation
 h - a potion of haste
 n - a potion of curing {unknown}
 q - a potion of might {unknown}


   Skills:
 + Level 4.5 Fighting
 + Level 5.1 Axes
 + Level 2.3 Armour
 + Level 2.7 Dodging
 + Level 1.2 Stealth


You had 5 spell levels left.
You didn't know any spells.
Your spell library was empty.

Dungeon Overview and Level Annotations

Branches:
Dungeon (4/15)
 Temple: D:4-7

Altars:


Innate Abilities, Weirdness & Mutations

You are immune to sickness and miasma.
Your stone body is resilient. (AC +4)
You are immune to poison.
You resist negative energy. (rN+)
You are resistant to electric shocks. (rElec)
You are resistant to unholy torment.
You are immune to petrification.
Your body sometimes deteriorates upon taking damage.


Message History

Your skin stops crawling.
You feel less strong-willed. Something barely misses you.
The vampire mosquito bites you. The orc priest closely misses you.
The sky beast hits you. The sky beast shocks you. You resist.
An orc priest comes into view. It is wielding a +0 mace.
The vampire mosquito bites you! The orc priest barely misses you.
The sky beast flickers out of sight!
Something hits you but does no damage. x2
The vampire mosquito bites you.
* * * LOW HITPOINT WARNING * * *
You slash the orc priest!
You kill the orc priest!
Trog accepts your kill.
You closely miss something. You hit something but do no damage.
You closely miss the vampire mosquito. Something hits you.
* * * LOW HITPOINT WARNING * * *
The vampire mosquito misses you.
The vampire mosquito bites you but does no damage.
A sky beast appears from thin air!
Reactivating autopickup.
The sky beast hits you but does no damage.
The orc priest hits you but does no damage.
The sky beast flickers out of sight!
Deactivating autopickup; reactivate with Ctrl-A.
Something hits you but does no damage. The vampire mosquito barely misses you.
You barely miss the orc priest. You closely miss something.
You slash the vampire mosquito! You hit something. Something hits you.
* * * LOW HITPOINT WARNING * * *
The vampire mosquito barely misses you. Something hits you but does no damage.
The vampire mosquito bites you.
* * * LOW HITPOINT WARNING * * *
Something hits you but does no damage.
The vampire mosquito bites you but does no damage.
Something hits you but does no damage.
The vampire mosquito closely misses you.
You slash the kobold brigand!
The kobold brigand is moderately wounded.
You barely miss something.
You completely miss the vampire mosquito.
Something hits you.
You die...

# .. . #.. ##.
#.# ##..# #[#
#..#.# #.#
#..#..# #.##
#..#.oK#{o.#
#...###@###..#
#.#.....y....#
#.##.#######.#
#.#..#####
#...........
#..#########
#..# .....
#.##.##


You could see a vampire mosquito, a kobold brigand, an orc priest and an orc.

Vanquished Creatures
  An ogre (D:3)
  An orc priest (D:7)
  Crazy Yiuf (D:2)
  3 hounds
  A gnoll (D:4)
  An adder (D:2)
  A worm (D:3)
  4 dart slugs
  An orc (D:3)
  7 bats
  5 endoplasms
  3 giant cockroaches
  12 goblins
  5 hobgoblins
  3 jackals (D:1)
  4 quokkas
  2 ball pythons
  5 frilled lizards
  4 kobolds
  6 rats
70 creatures vanquished.

Notes
Turn   | Place    | Note
-------+----------+-------------------------------------------
     0 | D:1      | Gargoyl the Gargoyle Berserker began the quest for the Orb.
     0 | D:1      | Reached XP level 1. HP: 14/14 MP: 1/1
   221 | D:1      | Reached XP level 2. HP: 19/19 MP: 2/2
   267 | D:1      | Reached skill level 3 in Axes
   520 | D:1      | Reached XP level 3. HP: 24/24 MP: 3/3
   586 | D:1      | Reached ** piety under Trog
   906 | D:1      | Gained mutation: Your body sometimes deteriorates upon
                  | taking damage. [potion of mutation]
  1117 | D:2      | Found a runed translucent door.
  1118 | D:2      | Noticed Crazy Yiuf
  1458 | D:2      | Found a faded altar of an unknown god.
  1653 | D:2      | Killed Crazy Yiuf
  1654 | D:2      | Reached XP level 4. HP: 29/29 MP: 4/4
  2115 | D:3      | Reached skill level 4 in Axes
  2115 | D:3      | Reached XP level 5. HP: 32/33 MP: 5/5
  2274 | D:3      | Noticed an ogre
  2281 | D:3      | Killed an ogre
  2282 | D:3      | Reached skill level 1 in Stealth
  2367 | D:3      | Identified the +5 plate armour "Teweipt" {Rampage rC+}
  2725 | D:4      | Reached XP level 6. HP: 37/39 MP: 6/6
  2952 | D:4      | Reached skill level 5 in Axes
  3034 | D:4      | You fall into a shaft and drop 3 floors!
  3037 | D:7      | Noticed a sky beast
  3046 | D:7      | Noticed a vampire mosquito
  3050 | D:7      | HP: 1/39 [vampire mosquito (5)]
  3051 | D:7      | Slain by an unseen horror

Illustrated notes

Levels and vault maps discovered:
D:1:      zaba_arrival_water, layout_loops_ring, serial_rivers,
          chequers_serial_rivers_micro_d, chequers_serial_rivers_large_a,
          chequers_serial_rivers_micro_b, chequers_serial_rivers_room_b,
          chequers_serial_rivers_micro_a, chequers_serial_rivers_micro_c,
          nicolae_the_louvre
D:2:      layout_basic, ebering_ecumenical_altar_mist, uniq_crazy_yiuf_cottage
D:3:      layout_loops_corners
D:4:      layout_loops_ring, minivault_4, minmay_bent
D:7:      layout_loops_ring, zin_scriptorium, mainiacjoe_overflow_catwalk,
          temple_green, ebering_ghost_rock_garden, minmay_manual_mail,
          uniq_prince_ribbit1

Skill      XL: |  1  2  3  4  5  6 |
---------------+-------------------+-----
Axes           | 3 4 5 |  5.1
Fighting       | 4 |  4.5
Dodging        | 2 |  2.7
Stealth        | 1 |  1.2
Armour         | |  2.3

Action                     |  1- 3 |  4- 6 || total
---------------------------+-------+-------++-------
  Melee: Hand axe          |    62 |       ||    62
         War axe           |    38 |   125 ||   163
         Punch             |       |     1 ||     1
 Invoke: Berserk           |     2 |     3 ||     5
         Trog's Hand       |       |     3 ||     3
    Use: Scroll            |     4 |     8 ||    12
         Potion            |     1 |     1 ||     2
   Stab: Sleeping          |       |     1 ||     1
 Armour: Animal skin       |    48 |    77 ||   125
  Dodge: Dodged            |    81 |   120 ||   201

Table legend: (Time is in decaauts)
 A = Elapsed time spent in this place.
 B = Non-inter-level travel time spent in this place.
 C = Inter-level travel time spent in this place.
 D = Time resting spent in this place.
 E = Time spent auto-exploring this place.
 F = Levels seen in this place.
 G = Mean time per level.
                   A        B        C        D        E       F      G
               +--------+--------+--------+--------+--------+-----+--------+
         Total |   3190 |   3104 |     86 |      0 |   2361 |   5 |  638.0 |
       Dungeon |   3190 |   3104 |     86 |      0 |   2361 |   5 |  638.0 |
               +--------+--------+--------+--------+--------+-----+--------+

Top non-repeatable levels by time:
     D:3: 1044 daAuts
     D:1: 983 daAuts
     D:2: 809 daAuts
     D:4: 335 daAuts
     D:7: 18 daAuts
